 Dungeon Crawl Stone Soup version 0.15-a0-2227-g1e78800 (webtiles) character file.

1263 Meriados the Magician (level 8, 0/41 HPs)
             Began as a Deep Elf Wizard on July 24, 2014.
             Was a Follower of Sif Muna.
             Slain by a wyvern (13 damage)
             ... on Level 7 of the Dungeon.
             The game lasted 00:30:36 (7255 turns).

Meriados the Magician (Deep Elf Wizard)             Turns: 7255, Time: 00:30:36

HP   0/41        AC  4     Str  4      XL: 8   Next: 27%
MP  19/25        EV 12     Int 26      God: Sif Muna [*.....]
Gold 192         SH  0     Dex 13      Spells:  7 memorised,  4 levels left

rFire  . . .     SeeInvis .     k - +0 cutlass
rCold  . . .     Clarity  .     a - +0 robe
rNeg   + . .     rCorr    .     (no shield)
rPois  .         rRot     .     t - +0 helmet
rElec  .         Spirit   .     (no cloak)
SustAb .         Warding  .     (no gloves)
rMut   .         Stasis   +     q - +0 pair of boots
Gourm  .                        w - amulet of stasis
MR     .....                    (no ring)
                                m - ring of positive energy

@: repel missiles, not resistant to hostile enchantments, unstealthy
A: no striking features
a: Channel Energy, Renounce Religion


You were on level 7 of the Dungeon.
You worshipped Sif Muna.
Sif Muna was aware of your devotion.
You were hungry.

You visited 2 branches of the dungeon, and saw 8 of its levels.

You collected 192 gold pieces.

Inventory:

Hand weapons
 k - a +0 cutlass (weapon)
Armour
 a - a +0 robe (worn)
 b - a +0 hat
 q - a +0 pair of boots (worn)
 t - a +0 helmet (worn)
Magical devices
 v - a wand of random effects (3) {unknown}
Comestibles
 d - 4 bread rations
 f - 2 meat rations
 u - a slice of pizza
Scrolls
 g - a scroll of fear {unknown}
 h - 3 scrolls of immolation {unknown}
 i - a scroll of amnesia {unknown}
 l - 5 scrolls of remove curse {unknown}
 n - a scroll of fog {unknown}
 o - 2 scrolls of magic mapping {unknown}
 r - 7 scrolls of identify {unknown}
Jewellery
 m - a ring of positive energy (left hand)
 w - an amulet of stasis (around neck)
Potions
 e - 3 potions of flight {unknown}
 j - a potion of haste {unknown}
 p - 2 potions of agility {unknown}
 s - a potion of curing {unknown}
 z - a potion of might {unknown}
 A - a potion of poison {unknown}
Books
 c - a book of Minor Magic

   Spells                             Type                      Level
   *Magic Dart                        Conjuration                  1
   *Blink                             Translocation                2
   *Call Imp                          Summoning                    2
   *Repel Missiles                    Charms/Air                   2
   *Slow                              Hexes                        2
   *Conjure Flame                     Conjuration/Fire             3
   *Mephitic Cloud                    Conjuration/Poison/Air       3


   Skills:
 - Level 2.4 Dodging
 - Level 2.4 Stealth
 - Level 6.4 Spellcasting
 - Level 5.2 Conjurations
 + Level 2.9 Hexes
 + Level 3.2 Charms
 - Level 3.1 Summonings
 - Level 3.2 Translocations
 - Level 3.1 Fire Magic
 - Level 3.2 Air Magic
 - Level 3.5 Poison Magic


You had 4 spell levels left.
You knew the following spells:

 Your Spells              Type           Power        Failure   Level  Hunger
a - Magic Dart            Conj           ####         1%          1    None
b - Blink                 Tloc           N/A          2%          2    None
c - Call Imp              Summ           ###.....     2%          2    None
d - Mephitic Cloud        Conj/Pois/Air  ####....     4%          3    None
e - Conjure Flame         Conj/Fire      ####....     4%          3    None
f - Repel Missiles        Chrm/Air       ####..       2%          2    None
g - Slow                  Hex            ###.....     2%          2    None


Dungeon Overview and Level Annotations

Branches:
Dungeon (7/15)             Temple (1/1) D:5

Altars:
Ashenzari
Cheibriados
Dithmenos
Elyvilon
Gozag
Kikubaaqudgha
Makhleb
Nemelex Xobeh
Okawaru
Sif Muna
Trog
Vehumet
Xom
Yredelemnul
Zin
The Shining One


Message History

Casting: Magic Dart
Confirm with . or Enter, or press ? or * to list all spells.
Okay, then.
Casting: Magic Dart
Confirm with . or Enter, or press ? or * to list all spells.
Aiming: Mephitic Cloud
Press: ? - help, Shift-Dir - straight line That beam is likely to hit you.
Continue anyway?
Okay, then.
Okay, then.
Casting: Mephitic Cloud
Confirm with . or Enter, or press ? or * to list all spells.
You don't know that spell.
Casting: Mephitic Cloud
Confirm with . or Enter, or press ? or * to list all spells.
Aiming: Mephitic Cloud
Press: ? - help, Shift-Dir - straight line The beam explodes into a vile cloud!
The stinking cloud engulfs the wyvern.
The wyvern barely misses you. The wyvern bites you!
You die...

#..) #%##.#
##...##o##.###+##
...%...!....#...#
..?......o...+...#
.............#...#
.............#...#
.....##....##...#
.....##.§§D##...#
........§§§@.(..#
.......§§.#.<..#
..........#....#
..........#....#
....#...###...#
######## #...#
....# ....# ....#


You could see an orc warrior, a wyvern and an orc.

Vanquished Creatures
  A phantom (D:4)
  2 centaurs (D:6)
  3 giant frogs
  A hippogriff skeleton (D:5)
  4 wights (D:6)
  3 crimson imps
  3 hounds
  An orc wizard (D:5)
  16 adders
  4 shadow imps
  2 worms (D:2)
  6 giant geckos
  2 oozes
  13 orcs
  A ball python (D:5)
  A bat skeleton (D:6)
  11 hobgoblins
  8 bats
  7 giant cockroaches
  5 giant newts
  A giant newt skeleton (D:5)
  12 goblins
  A goblin skeleton (D:4)
  9 jackals
  12 kobolds
  A kobold skeleton (D:4)
  A kobold zombie (D:6)
  2 quokkas
  A quokka zombie (D:5)
  12 rats
146 creatures vanquished.

Vanquished Creatures (collateral kills)
  The ghost of Armakuni the Cutter, an average KoMo (D:3)
  An iguana (D:6)
2 creatures vanquished.

Vanquished Creatures (others)
  A white imp (D:3)
1 creature vanquished.

Grand Total: 149 creatures vanquished

Notes
Turn   | Place    | Note
--------------------------------------------------------------
     0 | D:1      | Meriados, the Deep Elf Wizard, began the quest for the Orb.
     0 | D:1      | Reached XP level 1. HP: 10/10 MP: 6/6
   750 | D:1      | Reached XP level 2. HP: 15/15 MP: 4/9
  1451 | D:2      | Reached XP level 3. HP: 19/19 MP: 8/12
  1608 | D:2      | Learned a level 2 spell: Blink
  1611 | D:2      | Learned a level 2 spell: Call Imp
  1615 | D:2      | Learned a level 3 spell: Mephitic Cloud
  1673 | D:2      | Reached skill level 1 in Air Magic
  1681 | D:2      | Reached skill level 1 in Poison Magic
  1800 | D:2      | Reached XP level 4. HP: 20/24 MP: 10/15
  1859 | D:2      | Found a white marble altar of Elyvilon.
  1903 | D:2      | Found an iron altar of Okawaru.
  2384 | D:3      | Noticed Armakuni's ghost (average KoMo)
  2660 | D:2      | Reached XP level 5. HP: 19/28 MP: 10/18
  3185 | D:3      | Learned a level 3 spell: Conjure Flame
  3276 | D:3      | Killed Armakuni's ghost
  3276 | D:3      | Reached XP level 6. HP: 32/32 MP: 11/20
  4112 | D:4      | Reached skill level 5 in Conjurations
  4493 | D:5      | Entered Level 5 of the Dungeon
  4516 | D:5      | Reached skill level 5 in Spellcasting
  4516 | D:5      | Reached XP level 7. HP: 30/36 MP: 14/23
  4662 | D:5      | Reached skill level 6 in Spellcasting
  4885 | D:5      | Found a staircase to the Ecumenical Temple.
  4899 | Temple   | Entered the Ecumenical Temple
  5094 | Temple   | Became a worshipper of Sif Muna the Loreminder
  5569 | D:5      | Reached skill level 1 in Fire Magic
  5645 | D:5      | Found a glowing silver altar of Zin.
  5793 | D:5      | Learned a level 2 spell: Repel Missiles
  5796 | D:5      | Learned a level 2 spell: Slow
  6107 | D:6      | Acquired Sif Muna's first power
  6308 | D:6      | Reached XP level 8. HP: 38/41 MP: 18/25
  6796 | D:6      | Reached skill level 1 in Hexes
  6796 | D:6      | Reached skill level 1 in Charms
  7255 | D:7      | Slain by a wyvern

Action                   |  1- 3 |  4- 6 |  7- 9 || total
-------------------------+-------+-------+-------++-------
Melee: Cutlass           |       |       |     2 ||     2
 Cast: Magic Dart        |    85 |   182 |   173 ||   440
       Call Imp          |       |    14 |     2 ||    16
       Blink             |       |     1 |     2 ||     3
       Mephitic Cloud    |       |       |     4 ||     4
       Repel Missiles    |       |       |     1 ||     1
       Conjure Flame     |       |       |     4 ||     4
Invok: Channel Energy    |       |       |     1 ||     1
  Eat: Chunk             |     2 |     9 |     7 ||    18
